 Dungeon Crawl Stone Soup version 0.31-a0-216-g22e908daa7 (webtiles) character file.

Game seed: 5394171188549088906

303 qw the Shooter (level 6, 0/52 HPs)
             Began as a Minotaur Hexslinger on July 2, 2023.
             Slain by a black bear (6 damage)
             ... on level 7 of the Dungeon.
             The game lasted 00:01:15 (2988 turns).

qw the Shooter (Minotaur Hexslinger)                Turns: 2988, Time: 00:01:15

Health: 0/52       AC:  0    Str: 18    XL:     6   Next: 15%
Magic:  6/6        EV: 12    Int: 14    God:
Gold:   159        SH:  0    Dex: 13    Spells: 6/7 levels left

rFire   . . .        Y - +1 sling
rCold   . . .        (no shield)
rNeg    . . .        (no body armour)
rPois   .            (helmet restricted)
rElec   .            (no cloak)
rCorr   .            (no gloves)
SInv    +            (no boots)
Will    .....        (no amulet)
Stlth   +            g - +6 ring of strength
HPRegen 0.28/turn    l - ring of see invisible
MPRegen 0.10/turn

%: no passive effects
@: no status effects
A: horns 2, retaliatory headbutt, clever 1, deterioration 1
a: no special abilities


You were on level 7 of the Dungeon.
You visited 1 branch of the dungeon, and saw 5 of its levels.
You also visited: Sewer.

You collected 185 gold pieces.
You spent 26 gold pieces at shops.


Innate Abilities, Weirdness & Mutations

You have a pair of horns on your head.
You reflexively headbutt those who attack you in melee.
Your mind is acute. (Int +4, Str/Dex -1)
Your body sometimes deteriorates upon taking damage.


   Skills:
 - Level 4.0 Fighting
 + Level 6.2 Ranged Weapons
 - Level 2.1 Dodging
 - Level 1.0 Spellcasting
 - Level 2.0 Hexes


You had 6 spell levels left.
You knew the following spells:

 Your Spells              Type           Power      Damage    Failure   Level
a - Slow                  Hex            24%        N/A       12%         1

Your spell library contained the following spells:

 Spells                   Type           Power      Damage    Failure   Level
 Inner Flame              Hex/Fire       3%         N/A       45%         3
 Portal Projectile        Hex/Tloc       6%         N/A       45%         3
 Cause Fear               Hex            3%         N/A       75%         4

Inventory:

Hand Weapons
 Y - a +1 sling (weapon)
Armour
 c - a +0 robe
 m - a +0 ring mail
Jewellery
 b - a ring of ice
 e - an amulet of guardian spirit
 g - a +6 ring of strength (left hand)
 l - a ring of see invisible (right hand)
Scrolls
 j - a scroll of identify
Potions
 a - a potion of lignification {unknown}
 d - a potion of invisibility {unknown}
 f - a potion of curing {unknown}
 h - a potion of attraction {unknown}
 i - a potion of might {unknown}
 k - a potion of brilliance {unknown}
 o - 2 potions of mutation

Dungeon Overview and Level Annotations

Branches:
Dungeon (4/15)              Sewer (visited)
 Temple: D:4-7

Altars:

Shops:
D:1 :*!:(

Annotations:
D:1 2 transporters


Message History

A black bear comes into view.
The black bear growls angrily.
Enter note: You shoot a sling bullet.
The sling bullet hits the black bear.
The black bear is lightly wounded.
You shoot a sling bullet. The sling bullet hits the black bear.
The black bear is lightly wounded.
You shoot a sling bullet. The sling bullet hits the black bear.
The black bear is moderately wounded.
You shoot a sling bullet. The sling bullet hits the black bear.
The black bear is moderately wounded.
The black bear bites you. The black bear claws you.
The black bear closely misses you.
You shoot a sling bullet.
The sling bullet barely misses the black bear.
The black bear bites you! The black bear barely misses you.
The black bear claws you.
You shoot a sling bullet.
The sling bullet completely misses the black bear.
The black bear bites you! The black bear claws you.
The black bear barely misses you.
You shoot a sling bullet. The sling bullet hits the black bear.
The black bear is heavily wounded.
The black bear closely misses you. You furiously retaliate!
You headbutt the black bear, but do no damage.
The black bear barely misses you. x2
You shoot a sling bullet. The sling bullet hits the black bear!
The black bear is severely wounded.
The black bear bites you. The black bear claws you.
The black bear barely misses you.
You shoot a sling bullet.
The sling bullet completely misses the black bear.
The black bear bites you! The black bear claws you. x2
You shoot a sling bullet. The sling bullet hits the black bear.
The black bear is almost dead.
The black bear goes berserk!
You shoot a sling bullet. The sling bullet hits the black bear.
The black bear is almost dead.
The black bear bites you.
You die...

#.........##.#...#.####
##.......###..........#
##.....## #..##.#.##.#
##...## #..##...# #
##'## #..###..##. #.#
#..........
#.###########.####
##.##.h...... .#
##...#@## ## #.......##
##...###.# ##..# #.#
#.####.###.#
#....../..##
###########


You could see a black bear (berserk).

Vanquished Creatures
  A kobold brigand (Sewer)
  An iguana (D:7)
  Terence (D:2)
  5 gnolls
  5 adders
  A river rat (Sewer)
  4 worms
  3 bats
  6 endoplasms
  5 giant cockroaches
  3 goblins
  3 hobgoblins
  6 jackals
  11 kobolds
  4 quokkas
  8 ball pythons
  4 frilled lizards
  9 rats
80 creatures vanquished.

Notes
Turn   | Place    | Note
-------+----------+-------------------------------------------
     0 | D:1      | qw the Minotaur Hexslinger began the quest for the Orb.
     0 | D:1      | Reached XP level 1. HP: 16/16 MP: 1/1
     0 | D:1      | 0 ||| qw: Version: 0.3-a-39-g4513739
     0 | D:1      | 0 ||| qw: Game counter: 7883
     0 | D:1      | 0 ||| qw: Melee chars always use a shield: true
     0 | D:1      | 0 ||| qw: God list: Okawaru
     0 | D:1      | 0 ||| qw: Allow faded altars: false
     0 | D:1      | 0 ||| qw: Do Orc after clearing Dungeon:15 true
     0 | D:1      | 0 ||| qw: Do second Lair branch before Depths: true
     0 | D:1      | 0 ||| qw: Lair rune preference: random
     0 | D:1      | 0 ||| qw: Goals: Normal
     0 | D:1      | 0 ||| PLANNING D:1-11
    99 | D:1      | Found Adimpinu's Weapon Emporium.
   107 | D:1      | 107 ||| SHOPLISTING +2 orcbow of draining (201 gold, have
                  | 27).
   146 | D:1      | Found a transporter.
   146 | D:1      | Found Godghuor's Distillery.
   273 | D:1      | Found Lionaj's Book Shop.
   300 | D:1      | Found Kienazod's Assorted Antiques.
   311 | D:1      | 311 ||| SHOPLISTING ring mail (116 gold, have 27).
   311 | D:1      | 311 ||| BUYING sapphire potion (26 gold).
   311 | D:1      | Bought a sapphire potion for 26 gold pieces
   311 | D:1      | 311 ||| SHOPLISTING scroll labelled FUEWUN UVYA (29 gold,
                  | have 1).
   311 | D:1      | 311 ||| SHOPLISTING scroll labelled ITIN LAKHO (29 gold,
                  | have 1).
   311 | D:1      | 311 ||| SHOPLISTING scroll labelled NEICVO SOTZOI (29 gold,
                  | have 1).
   311 | D:1      | 311 ||| SHOPLISTING scroll labelled ODAOVV WUTU (29 gold,
                  | have 1).
   311 | D:1      | 311 ||| SHOPLISTING scroll labelled YNILIL LESS (29 gold,
                  | have 1).
   311 | D:1      | 311 ||| SHOPLISTING troll leather armour (435 gold, have
                  | 1).
   356 | D:1      | Reached skill level 3 in Ranged Weapons
   356 | D:1      | Reached XP level 2. HP: 13/23 MP: 2/2
   480 | D:1      | Found Dorr's Book Emporium.
   552 | D:1      | Found a transporter.
   690 | D:1      | Reached XP level 3. HP: 30/30 MP: 3/3
   730 | D:1      | 730 ||| READING scroll labelled GUSIKI TIOTYGU.
   731 | D:1      | 731 ||| READING scroll labelled GOUS FI WAD.
   732 | D:1      | 732 ||| DROPPING scroll of poison.
   886 | D:2      | Reached skill level 4 in Ranged Weapons
  1009 | D:2      | Noticed Terence
  1019 | D:2      | HP: 4/30 [Terence/+0 falchion (6)]
  1020 | D:2      | Killed Terence
  1021 | D:2      | Reached XP level 4. HP: 5/37 MP: 4/4
  1542 | D:2      | 1542 ||| UPGRADING to +6 ring of strength.
  1543 | D:2      | 1543 ||| READING scroll labelled DIPPUM PEH.
  1607 | D:2      | 1607 ||| READING 2 scrolls of identify.
  1607 | D:2      | 1607 ||| IDENTIFYING pink potion
  1608 | D:2      | 1608 ||| DROPPING potion of degeneration.
  1644 | D:3      | 1644 ||| PLANNING SEWER
  1983 | D:3      | Reached skill level 5 in Ranged Weapons
  2021 | D:3      | Reached skill level 3 in Fighting
  2037 | D:3      | Reached XP level 5. HP: 44/45 MP: 5/5
  2137 | D:3      | Found a glowing drain.
  2138 | D:3      | 2138 ||| UPGRADING to +0 ring mail.
  2144 | D:3      | 2144 ||| UPGRADING to ring of see invisible.
  2145 | D:3      | 2145 ||| READING scroll labelled ITIN LAKHO.
  2149 | D:3      | 2149 ||| READING scroll labelled ATWYLLO WYITE.
  2242 | D:3      | 2242 ||| READING 2 scrolls of identify.
  2242 | D:3      | 2242 ||| IDENTIFYING yellow potion
  2253 | Sewer    | Entered a sewer
  2258 | Sewer    | 2258 ||| Stepping ~*~*~tactically~*~*~ (water).
  2263 | Sewer    | 2263 ||| Stepping ~*~*~tactically~*~*~ (water).
  2309 | Sewer    | HP: 7/45 [kobold brigand/+0 short sword (8)]
  2310 | Sewer    | 2310 ||| DRINKING potion of heal wounds.
  2312 | Sewer    | Reached skill level 6 in Ranged Weapons
  2414 | Sewer    | 2414 ||| Stepping ~*~*~tactically~*~*~ (water).
  2557 | Sewer    | 2557 ||| Stepping ~*~*~tactically~*~*~ (water).
  2559 | Sewer    | 2559 ||| Stepping ~*~*~tactically~*~*~ (water).
  2561 | Sewer    | 2561 ||| Stepping ~*~*~tactically~*~*~ (water).
  2563 | Sewer    | 2563 ||| Stepping ~*~*~tactically~*~*~ (water).
  2569 | Sewer    | Reached XP level 6. HP: 51/51 MP: 6/6
  2581 | Sewer    | 2581 ||| Stepping ~*~*~tactically~*~*~ (water).
  2624 | Sewer    | 2624 ||| Stepping ~*~*~tactically~*~*~ (water).
  2641 | Sewer    | 2641 ||| READING scroll labelled ODAOVV WUTU.
  2642 | Sewer    | 2642 ||| DRINKING 3 viscous clear potions.
  2642 | Sewer    | Gained mutation: Your body sometimes deteriorates upon
                  | taking damage. [potion of mutation]
  2642 | Sewer    | Gained mutation: Your mind is acute. (Int +4, Str/Dex -1)
                  | [potion of mutation]
  2669 | D:3      | 2669 ||| PLANNING D:1-11
  2855 | D:4      | You fall into a shaft and drop 3 floors!
  2986 | D:7      | HP: 9/52 [black bear (7)]
  2988 | D:7      | Slain by a black bear

Levels and vault maps discovered:
D:1:      dpeg_arrival_round_b, layout_basic, serial_shops,
          nicolae_shop_drivethru, shop, shop, nicolae_lakefront_shop, shop
D:2:      layout_loops_ring, minmay_misc_feat_room, minmay_tetromino_t2,
          uniq_terence
D:3:      layout_basic, portal_sewer_entry_f, chequers_mini_garden,
          minmay_misc_feat_more_columns
D:4:      layout_gridville, mainiacjoe_overflow_swirl, serial_bayou_pond_b,
          kennysheep_generic_room_8
D:7:      layout_loops_corners, kennysheep_generic_room_4

Skill      XL: |  1  2  3  4  5  6 |
---------------+-------------------+-----
Ranged Weapons | 3 4 5 6 |  6.2
Fighting       | 2 3 4 |  4.0
Dodging        | |  2.1
Spellcasting   | |  1.0
Hexes          | |  2.0

Action                     |  1- 3 |  4- 6 || total
---------------------------+-------+-------++-------
   Fire: Sling             |   111 |   193 ||   304
    Use: Scroll            |     2 |     6 ||     8
         Potion            |       |     2 ||     2
 Armour: Robe              |    15 |     6 ||    21
  Dodge: Dodged            |    48 |    48 ||    96

Table legend:
 A = Non-vault XP
 B = Vault XP
 C = Vault XP percentage of total XP
 D = Non-vault monster count
 E = Vault monster count
 F = Vault count percentage of total count
                 A         B        C        D         E       F
            +---------+---------+-------+---------+---------+-------
      Total |     214 |     220 |  50.7 |      50 |      30 |  37.5
            +---------+---------+-------+---------+---------+-------
        D:1 |      43 |       0 |   0.0 |      18 |       0 |   0.0
        D:2 |      44 |      35 |  44.3 |      13 |       3 |  18.8
        D:3 |      91 |      10 |   9.9 |      18 |       5 |  21.7
        D:7 |      36 |       0 |   0.0 |       1 |       0 |   0.0
      Sewer |       0 |     175 | 100.0 |       0 |      22 | 100.0
            +---------+---------+-------+---------+---------+-------
